 Dungeon Crawl Stone Soup version 0.31-a0-986-g5e6e4ef867 (webtiles) character file.

Game seed: 15208613358170284554

912 Snarg the Vexing (level 8, 0/58 HPs)
             Began as a Barachi Hexslinger on Nov 17, 2023.
             Was an Initiate of Hepliaklqana.
             Shot with an arrow by a centaur (15 damage)
             ... on level 5 of the Dungeon on Nov 18, 2023.
             The game lasted 00:30:07 (4364 turns).

Snarg the Vexing (Barachi Hexslinger)               Turns: 4364, Time: 00:30:07

Health: 0/58       AC:  6    Str: 17    XL:     8   Next: 9%
Magic:  1/12       EV: 12    Int: 19    God:    Hepliaklqana [......]
Gold:   283        SH:  0    Dex: 16    Spells: 4/13 levels left

rFire   . . .        o - +0 orcbow (flame)
rCold   . . .        (shield currently unavailable)
rNeg    . . .        n - +0 leather armour
rPois   .            (no helmet)
rElec   .            (no cloak)
rCorr   .            q - +1 pair of gloves {infuse}
SInv    .            y - +0 pair of boots
Will    .....        (no amulet)
Stlth   ++           d - +6 ring of strength
HPRegen 0.29/turn    A - +6 ring of intelligence
MPRegen 0.13/turn

%: infuse magic (1 MP)
@: weak-willed, jinxed, slow
A: amphibious, slowness 1, strong legs 1, +LOS
a: Hop, Renounce Religion


You were on level 5 of the Dungeon.
You worshipped Hepliaklqana.
Hepliaklqana was noncommittal.
You visited 2 branches of the dungeon, and saw 6 of its levels.
You also visited: Sewer.

You collected 283 gold pieces.

Inventory:

Hand Weapons
 a - a +1 sling
 b - a +1 dagger of venom
 e - a +0 dagger
 h - a +0 short sword
 o - a +0 orcbow of flaming (weapon)
Missiles
 f - 17 poisoned darts
 j - 61 stones
Armour
 c - a +0 robe
 n - a +0 leather armour (worn)
 p - a +2 ring mail of cold resistance
 q - a +1 pair of gloves of infusion (worn)
 y - a +0 pair of boots (worn)
Magical Staves
 i - a staff of earth
Jewellery
 d - a +6 ring of strength (left hand)
 A - a +6 ring of intelligence (right hand)
 B - a ring of see invisible
Scrolls
 g - 4 scrolls of poison
 l - 2 scrolls of vulnerability
 r - 3 scrolls of fear
 w - a scroll of enchant weapon {unknown}
 z - a scroll of immolation {unknown}
Potions
 k - a potion of haste
 m - a potion of berserk rage {unknown}
 s - a potion of lignification {unknown}
 t - 3 potions of brilliance
 v - 2 potions of heal wounds {unknown}
 x - a potion of magic {unknown}


   Skills:
 - Level 3.0 Fighting
 + Level 0.1 Short Blades
 + Level 6.1 Ranged Weapons
 + Level 2.5 Armour
 - Level 2.2 Dodging
 + Level 0.8 Stealth
 - Level 3.0 Spellcasting
 * Level 6.2 Hexes
 + Level 1.1 Fire Magic


You had 4 spell levels left.
You knew the following spells:

 Your Spells              Type           Power      Damage    Failure   Level
a - Jinxbite              Hex            52%        N/A       1%          2
b - Slow                  Hex            100%       N/A       1%          1
c - Sigil of Binding      Hex            26%        N/A       4%          3
d - Confusing Touch       Hex            26%        N/A       4%          3

Your spell library contained the following spells:

 Spells                   Type           Power      Damage    Failure   Level
 Inner Flame              Hex/Fire       16%        N/A       12%         3
 Cause Fear               Hex            13%        N/A       14%         4
 Summon Guardian Golem    Hex/Summ       14%        N/A       16%         3
 Summon Small Mammal      Summ           8%         N/A       19%         1
 Cigotuvi's Dreadful Rot  Necr/Pois/Air  4%         N/A       26%         2
 Poisonous Vapours        Pois/Air       4%         N/A       26%         2
 Ignite Poison            Fire/Tmut/Pois 4%         N/A       43%         3
 Dimensional Bullseye     Hex/Tloc       7%         N/A       45%         4
 Call Canine Familiar     Summ           2%         N/A       47%         3
 Vampiric Draining        Necr           2%         2d6       47%         3
 Freezing Cloud           Conj/Ice/Air   1%         6-21      99%         5
 Borgnjor's Revivificati  Necr           1%         N/A       100%        8


Dungeon Overview and Level Annotations

Branches:
Dungeon (5/15)             Temple (1/1) D:4           Sewer (visited)

Altars:
Ashenzari
Cheibriados
Dithmenos
Elyvilon
Fedhas
Gozag
Hepliaklqana
Kikubaaqudgha
Makhleb
Nemelex Xobeh
Qazlal
Ru
Sif Muna
Trog
Uskayaw
Wu Jian
Xom
Yredelemnul
Zin
The Shining One

Shops:
D:3 :

Annotations:
D:1 clr
D:2 clr
D:3 Grinder
D:4 clr
D:5 2 runed translucent doors


Innate Abilities, Weirdness & Mutations

You are amphibious.
You cover ground slowly.
You can hop short distances.
You have an extended range of vision and can be seen from far away.


Message History

The howler monkey hoots and howls with incredible vigour!
You hear a shout!
You hear an angry hiss.
Fire: o) +0 orcbow
Press: ? - help, Q - select action, (/) - cycle Shift-Dir - straight line, f/p - orc
Aim: an orc, wielding a +0 short sword (severely wounded, heavily drained, bound in place, chance to call a sprite on attack: 73%, 57% to hit)
You shoot an arrow.
The arrow closely misses the howler monkey.
The arrow hits the orc.
You kill the orc!
A giggling sprite leaps out and insults the howler monkey's ancestors.
You kill the howler monkey!
The jinxing sprites lose interest in you.
Found 4 gold pieces.
Found an opulent altar of Gozag.
You start resting.
A centaur comes into view.
A centaur comes into view.
Found 5 gold pieces.
As you read the scroll labelled DAOSIUSTREMUOH, it crumbles to dust.
It is a scroll of brand weapon.
Your +0 orcbow is engulfed in flames!
o - a +0 orcbow of flaming (weapon)
The centaur shouts!
The centaur wields a +0 orcbow.
The centaur shoots an arrow.
The arrow hits you!
Fire: o) +0 orcbow (flame)
Press: ? - help, Q - select action, (/) - cycle Shift-Dir - straight line, f - centaur
Aim: a centaur, wielding a +0 orcbow (69% to hit)
You shoot an arrow.
The arrow completely misses the centaur.
The centaur shoots an arrow.
The arrow barely misses you.
The centaur shoots an arrow.
The arrow hits you!
Casting: Jinxbite (safe; 1% risk of failure)
Confirm with . or Enter, or press ? or * to list all spells.
You beckon some vexing sprites to accompany your attacks.
You feel your willpower being sapped.
The centaur shoots an arrow.
The arrow hits you!
* * * LOW HITPOINT WARNING * * *
The centaur wields a +0 orcbow.
The centaur shoots an arrow.
The arrow hits you!
You die...

#.# #.# # #.# .. #.# ...
#.# ....#.### #.[.).#####
....#.#)c...## #######...
#####.#####.)###@........
..# ##.c........$$$ .###
####.......$_$ #.
##......$$$ # #.>.......
#......... #......c..
#...!..... #.........


You could see 2 centaurs.

Vanquished Creatures
  An ice beast (D:5)
  A centaur (D:5)
  A phantom (D:5)
  2 kobold brigands (Sewer)
  A scorpion (D:5)
  A howler monkey (D:5)
  A hound (D:3)
  2 orc wizards
  An iguana (D:4)
  3 gnolls (D:2)
  13 adders
  2 river rats (Sewer)
  A shadow imp (D:5)
  5 worms
  A dart slug (D:1)
  20 orcs
  13 ball pythons
  2 bats
  6 endoplasms
  9 giant cockroaches
  5 goblins
  12 hobgoblins
  6 jackals (D:1)
  2 quokkas
  8 frilled lizards
  13 kobolds
  4 rats
136 creatures vanquished.

Notes
Turn   | Place    | Note
-------+----------+-------------------------------------------
     0 | D:1      | Snarg the Barachi Hexslinger began the quest for the Orb.
     0 | D:1      | Reached XP level 1. HP: 15/15 MP: 2/2
   110 | D:1      | Reached XP level 2. HP: 21/21 MP: 3/3
   127 | D:1      | Learned a level 2 spell: Jinxbite
   360 | D:1      | Reached XP level 3. HP: 27/27 MP: 1/4
   989 | D:1      | Learned a level 1 spell: Slow
  1190 | D:2      | Reached XP level 4. HP: 33/33 MP: 6/6
  1645 | D:2      | Learned a level 3 spell: Sigil of Binding
  1683 | D:3      | Identified the "Fymeirgh"
  1825 | D:3      | Reached skill level 1 in Armour
  1825 | D:3      | Reached XP level 5. HP: 30/39 MP: 2/7
  2192 | D:3      | Found Ocuiros's Book Shoppe.
  2426 | D:3      | Noticed a black bear
  2564 | D:4      | Reached XP level 6. HP: 36/46 MP: 6/9
  2619 | D:4      | Found a blossoming altar of Fedhas.
  2619 | D:4      | Found a sparkling altar of Nemelex Xobeh.
  2667 | D:4      | Found a staircase to the Ecumenical Temple.
  2749 | D:4      | Found a glowing drain.
  2763 | Sewer    | Entered a sewer
  2817 | Sewer    | Learned a level 3 spell: Confusing Touch
  3360 | Sewer    | Reached XP level 7. HP: 52/52 MP: 8/11
  3434 | Sewer    | Reached skill level 5 in Ranged Weapons
  3434 | Sewer    | Reached skill level 5 in Hexes
  3574 | Temple   | Entered the Ecumenical Temple
  3602 | Temple   | Became a worshipper of Hepliaklqana the Forgotten
  3986 | D:3      | Noticed Grinder
  4017 | D:5      | Entered Level 5 of the Dungeon
  4017 | D:5      | Found a runed translucent gate.
  4017 | D:5      | Found a runed translucent gate.
  4196 | D:5      | Found a shimmering blue altar of Sif Muna.
  4277 | D:5      | Found a basalt altar of Yredelemnul.
  4352 | D:5      | Reached XP level 8. HP: 46/58 MP: 1/12
  4355 | D:5      | Found an opulent altar of Gozag.
  4364 | D:5      | Shot with an arrow by a centaur

Illustrated notes

Levels and vault maps discovered:
D:1:      psy_arrival_radial02, layout_loops_ring
D:2:      layout_rooms
D:3:      layout_loops_cross, serial_shops, shop, minmay_box_of_dots,
          uniq_grinder
D:4:      layout_rooms, chequers_temple_overflow_statue_of_worship,
          minmay_temple_entry_junction_2, portal_sewer_entry_d
D:5:      layout_basic, nicolae_gozag_seed_capital, jmf_multi_god_temple,
          gammafunk_ghost_icy, minmay_between
Temple:   bh_familiar_temple

Skill      XL: |  1  2  3  4  5  6  7 |
---------------+----------------------+-----
Hexes          | 4 6 |  6.2
Ranged Weapons | 3 4 6 |  6.1
Fighting       | 2 3 |  3.0
Armour         | 1 2 |  2.5
Spellcasting   | 2 3 |  3.0
Short Blades   | |  0.1
Dodging        | |  2.2
Stealth        | |  0.8
Fire Magic     | |  1.1

Action                     |  1- 3 |  4- 6 |  7- 9 || total
---------------------------+-------+-------+-------++-------
  Melee: Dagger            |       |    11 |    37 ||    48
         Sling             |       |       |     2 ||     2
   Fire: Sling             |    89 |   212 |    42 ||   343
         Orcbow            |       |       |    25 ||    25
   Cast: Jinxbite          |    10 |    32 |    11 ||    53
         Slow              |       |     6 |     2 ||     8
         Sigil of Binding  |       |     1 |     2 ||     3
         Confusing Touch   |       |       |     2 ||     2
Ability: Hop               |     1 |     2 |     1 ||     4
    Use: Scroll            |     3 |     6 |     1 ||    10
         Potion            |       |       |     1 ||     1
   Stab: Confused          |       |       |     1 ||     1
 Armour: Robe              |     8 |       |       ||     8
         Leather armour    |     1 |    46 |    46 ||    93
  Dodge: Dodged            |    11 |    52 |    51 ||   114

Table legend: (Time is in decaauts)
 A = Elapsed time spent in this place.
 B = Non-inter-level travel time spent in this place.
 C = Inter-level travel time spent in this place.
 D = Time resting spent in this place.
 E = Time spent auto-exploring this place.
 F = Levels seen in this place.
 G = Mean time per level.
                   A        B        C        D        E       F      G
               +--------+--------+--------+--------+--------+-----+--------+
         Total |   4977 |   4589 |    388 |    321 |   2979 |   7 |  711.0 |
       Dungeon |   4049 |   3712 |    337 |    321 |   2373 |   5 |  809.8 |
        Temple |     64 |     13 |     51 |      0 |      0 |   1 |   64.0 |
         Sewer |    863 |    863 |      0 |      0 |    605 |   1 |  863.0 |
               +--------+--------+--------+--------+--------+-----+--------+

Top non-repeatable levels by time:
     D:1: 1169 daAuts
   Sewer: 863 daAuts
     D:2: 848 daAuts
     D:4: 840 daAuts
     D:3: 823 daAuts
     D:5: 367 daAuts
  Temple: 64 daAuts
